Map: Alcyone LE

Players

commandeR - Winner!

  • Race: Protoss Protoss
  • League: Diamond
  • Spawn Location: 1:00

电脑难度(新手)

  • Race: Terran Terran
  • Spawn Location: 7:00

VOD

Have the link to the VOD?

Description

Time

  • Played on: Oct. 13, 2024, 3:30 a.m.
  • Length: 8:24
Show
View Real Time Build Order
Export as new Build Order

commandeR Protoss - Winner!

Build Orders: 1 Gate Expand, Blink Stalkers, Zealot Archon 

Get SALT Encoding   

  12  0:00  Probe  
  13  0:13  Probe  
  14  0:18  Pylon  
  14  0:25  Probe  
  15  0:39  Gateway, Probe (Chrono Boost)  
  17  0:50  Probe (Chrono Boost), Assimilator  
  17  0:55  Probe (Chrono Boost)  
  18  1:06  Probe  
  19  1:19  Probe  
  20  1:29  Cybernetics Core  
  20  1:39  Probe  
  21  1:40  Nexus  
  21  1:48  Pylon  
  21  1:51  Probe  
  22  2:00  Assimilator  
  22  2:04  Adept (Chrono Boost), Probe  
  22  2:06  Warp Gate  
  25  2:18  Probe  
  26  2:26  Stalker  
  28  2:36  Probe (Chrono Boost)  
  29  2:45  Twilight Council  
  29  2:52  Probe (Chrono Boost)  
  29  2:55  Probe (Chrono Boost)  
  31  2:59  Stalker  
  33  3:07  Gateway  
  33  3:10  Probe x2 (Chrono Boost)  
  35  3:18  Blink (Chrono Boost)  
  35  3:22  Probe x2 (Chrono Boost)  
  37  3:29  Stalker, Probe x2 (Chrono Boost)  
  41  3:36  Pylon  
  41  3:39  Assimilator  
  41  3:41  Assimilator  
  41  3:46  Robotics Facility  
  41  3:50  Probe  
  41  3:51  Probe  
  43  4:01  Gateway  
  43  4:04  Probe x2  
  45  4:12  Stalker  
  45  4:13  Stalker  
  45  4:16  Probe  
  50  4:19  Probe  
  51  4:28  Probe  
  52  4:31  Probe  
  52  4:33  Observer (Chrono Boost)  
  52  4:34  Pylon  
  54  4:43  Pylon  
  54  4:44  Pylon  
  54  4:46  Pylon  
  54  4:50  Immortal (Chrono Boost)  
  59  4:52  Probe  
  59  4:53  Sentry  
  61  5:01  Stalker  
  63  5:09  Stalker  
  63  5:16  Sentry  
  63  5:18  Charge (Chrono Boost)  
  63  5:21  Immortal  
  69  5:32  Sentry  
  71  5:43  Gateway  
  71  5:44  Gateway  
  71  5:45  Gateway  
  71  5:46  Gateway  
  71  5:47  Gateway  
  71  5:49  Gateway  
  71  5:55  Gateway  
  71  5:57  Warp Prism (Chrono Boost)  
  73  6:07  Templar Archives  
  73  6:12  Zealot x3  
  79  6:23  Pylon  
  79  6:24  Pylon x2  
  79  6:46  High Templar x4  
  87  6:47  Zealot x4  
  87  6:50  Archon x2  
  95  6:55  Pylon  
  95  6:56  Pylon  
  95  7:13  Zealot x4  
  103  7:19  Zealot x4  
  111  7:25  Pylon  
  111  7:26  Pylon  
  111  7:34  Robotics Bay  
  111  7:42  Forge  
  111  7:50  High Templar x2  
  115  7:54  Archon  
  115  7:58  Nexus  
Show
View Real Time Build Order
Export as new Build Order

电脑难度(新手) Terran 

Build Orders:  

Get SALT Encoding   

  12  0:00  SCV  
  13  0:13  SCV  
  14  0:18  Supply Depot  
  14  0:36  Refinery  
  14  0:42  Barracks  
  14  1:03  Supply Depot  
  14  1:12  Refinery  
  14  1:28  Barracks Tech Lab  
  14  1:29  Orbital Command  
  14  1:46  Marine  
  15  1:55  SCV  
  16  2:07  SCV  
  17  2:19  SCV  
  18  2:31  Marine, SCV  
  20  2:43  SCV  
  21  2:55  SCV  
  22  3:17  Marauder  
  24  6:37  SCV  
  24  6:38  Marine  
  24  6:39  Supply Depot  
  26  6:42  Factory  
  26  6:45  Command Center  
  25  6:49  SCV  
  22  7:01  SCV  
  22  7:03  Supply Depot  
  23  7:09  Marine  
  23  7:13  SCV  
  24  7:25  SCV, Starport  
  19  7:37  SCV  
  19  7:38  Hellion  
  19  7:40  Supply Depot  
  13  7:49  SCV  
  5  8:02  SCV  
Tags
 
Add a new tag
Caveats
  • Supply blocks, unpowered buildings, or Contaminate may cause inaccurate times.
  • Supply counts are checked every 10 seconds.